 Dungeon Crawl Stone Soup version 0.21.1-1-g345015fe64 (webtiles) character file.

413 Oravi the Slicer (level 7, -3/67 HPs)
             Began as a Halfling Fighter on Apr 5, 2018.
             Killed from afar by an orc wizard (6 damage)
             ... with a magic dart
             ... on level 3 of the Dungeon on Apr 6, 2018.
             The game lasted 00:12:37 (2134 turns).

Oravi the Slicer (Halfling Fighter)                 Turns: 2134, Time: 00:12:38

Health: -3/67      AC: 23    Str: 19    XL:     7   Next: 14%
Magic:  7/7        EV:  3    Int:  6    God:
Gold:   100        SH: 10    Dex: 14    Spells: 6/6 levels left

rFire    . . .     SeeInvis .   a - +1 rapier
rCold    . . .     Gourm    .   c - +1 shield
rNeg     + + +     Faith    .   (armour currently unavailable)
rPois    +         Spirit   .   (helmet currently unavailable)
rElec    .         Reflect  .   (cloak currently unavailable)
rCorr    .         Harm     .   (gloves currently unavailable)
MR       .....     NoTele   +   (boots currently unavailable)
Stlth    +.........             (no amulet)
HPRegen  0.21/turn              (no ring)
MPRegen  0.10/turn              (no ring)

@: tree-form, berserk cooldown, slowed, very slow
A: small, mutation resistance 1
a: no special abilities


You were on level 3 of the Dungeon.
You were not hungry.
You were a tree.
You visited 1 branch of the dungeon, and saw 3 of its levels.

You collected 100 gold pieces.

Inventory:

Hand Weapons
 a - a +1 rapier (weapon)
 u - a +0 hunting sling
Missiles
 g - 39 stones (quivered)
 l - 28 sling bullets
Armour
 b - a +0 scale mail (melded)
 c - a +1 shield (worn)
Scrolls
 e - 2 scrolls of remove curse
 j - 3 scrolls of identify
 k - a scroll of enchant weapon
 s - a scroll of enchant armour
Potions
 d - a potion of might
 i - 2 potions of lignification
 m - a potion of brilliance {unknown}
 p - a potion of heal wounds {unknown}
 r - a potion of invisibility {unknown}
Comestibles
 f - 8 rations
 n - a chunk of flesh


   Skills:
 - Level 2.6 Fighting
 * Level 8.6 Short Blades
 - Level 3.2 Armour
 - Level 3.2 Shields


You had 6 spell levels left.
You didn't know any spells.

Dungeon Overview and Level Annotations

Branches:
Dungeon (3/15)

Altars:
Hepliaklqana
The Shining One


Innate Abilities, Weirdness & Mutations

You are small and have problems with some larger weapons.
You are somewhat resistant to further mutation.


Message History

The orc wizard blinks!
You block the orc priest's attack. The bat hits you but does no damage.
You puncture the orc priest!
You kill the orc priest!
You block the bat's attack. You block the bat's attack.
You puncture the bat!
You kill the bat!
The orc wizard gestures at you while chanting.
The magic dart hits you!
You feel a strong urge to attack something.
The orc wizard gestures at you while chanting.
The magic dart hits you!
* * * LOW HITPOINT WARNING * * *
You are no longer berserk.
You are exhausted.
You feel yourself slow down.
The orc wizard gestures at you while chanting.
The magic dart hits you!
You die...

.....####.#
....#
...#........
....
##.######.###
... .#.## #.#
.. ....# #..
.# ..#.# #.#
##.# ....####
#..# #).#
#......##
#..###)##
#...##..##
#.(##♣#
###..##..#
##..).#
#......#
#..o###
#.####.###.(.#
#.# #..##(#.#
#.# #..(..#.#
#.# #..#?.#.#
#.# ##....#..
..# ####...#


You could see an orc wizard.

Vanquished Creatures
  An orc warrior (D:3)
  An ogre (D:2)
  2 orc priests (D:3)
  An orc wizard (D:3)
  A gnoll (D:1)
  5 adders
  2 oozes (D:1)
  A worm (D:2)
  A dart slug (D:1)
  2 leopard geckos (D:2)
  An orc (D:3)
  9 giant cockroaches
  6 goblins
  7 hobgoblins
  6 jackals (D:2)
  2 quokkas
  3 ball pythons
  7 bats
  7 frilled lizards
  9 kobolds
  12 rats
86 creatures vanquished.

Notes
Turn   | Place    | Note
-------+----------+-------------------------------------------
     0 | D:1      | Oravi the Halfling Fighter began the quest for the Orb.
     0 | D:1      | Reached XP level 1. HP: 15/15 MP: 1/1
    52 | D:1      | Reached skill level 3 in Short Blades
    56 | D:1      | Reached XP level 2. HP: 17/20 MP: 2/2
   104 | D:1      | Reached skill level 4 in Short Blades
   104 | D:1      | Reached XP level 3. HP: 14/25 MP: 3/3
   485 | D:1      | Found a glowing golden altar of the Shining One.
   522 | D:1      | Reached XP level 4. HP: 30/30 MP: 4/4
   717 | D:2      | Found a hazy altar of Hepliaklqana.
   723 | D:2      | Reached skill level 5 in Short Blades
   947 | D:2      | Reached XP level 5. HP: 20/35 MP: 5/5
  1101 | D:2      | Noticed an ogre
  1108 | D:2      | Killed an ogre
  1108 | D:2      | Reached skill level 6 in Short Blades
  1108 | D:2      | Reached XP level 6. HP: 41/41 MP: 6/6
  1254 | D:2      | Reached skill level 7 in Short Blades
  2096 | D:3      | Noticed an orc warrior
  2125 | D:3      | Killed an orc warrior
  2125 | D:3      | Reached skill level 8 in Short Blades
  2125 | D:3      | Reached XP level 7. HP: 9/45 MP: 7/7
  2133 | D:3      | HP: 2/100 [orc wizard/magic dart (8)]
  2134 | D:3      | Killed from afar by an orc wizard

Skill      XL: |  1  2  3  4  5  6 |
---------------+-------------------+-----
Short Blades   | 3 4 5 6 8 |  8.6
Fighting       | |  2.6
Armour         | |  3.2
Shields        | |  3.2

Action                   |  1- 3 |  4- 6 |  7- 9 || total
-------------------------+-------+-------+-------++-------
Melee: Rapier            |    85 |   192 |     5 ||   282
  Use: Scroll            |       |     7 |       ||     7
       Potion            |       |     4 |       ||     4
  Eat: Chunk             |       |     4 |       ||     4
Armor: Scale mail        |    28 |    40 |       ||    68
       Skin              |       |     7 |     3 ||    10
Dodge: Dodged            |    26 |    56 |     1 ||    83
Block: Shield            |    50 |    90 |     4 ||   144
